 Dungeon Crawl Stone Soup version 0.22-a0-558-gc224181 (webtiles) character file.

5596 Gildeon the Cleaver (level 10, -8/81 HPs)
             Began as a Minotaur Fighter on June 26, 2018.
             Was an Elder of Trog.
             Mangled by a komodo dragon (13 damage)
             ... on level 1 of the Lair of Beasts on June 27, 2018.
             The game lasted 00:33:16 (8793 turns).

Gildeon the Cleaver (Minotaur Fighter)              Turns: 8793, Time: 00:33:17

Health: -8/81      AC: 17    Str: 25    XL:     10   Next: 45%
Magic:  12/12      EV:  9    Int:  5    God:    Trog [****..]
Gold:   684        SH:  0    Dex: 12    Spells: 9/9 levels left

rFire    . . .     SeeInvis .   a - +2 war axe (vamp)
rCold    + . .     Gourm    .   (no shield)
rNeg     . . .     Faith    .   u - +1 plate armour
rPois    .         Spirit   .   (helmet restricted)
rElec    .         Reflect  .   (no cloak)
rCorr    .         Harm     .   p - +2 pair of gloves
MR       .....                  m - +0 pair of boots
Stlth    ..........             (no amulet)
HPRegen  0.23/turn              q - ring of protection from cold
MPRegen  0.13/turn              s - +3 ring of strength

@: no status effects
A: retaliatory headbutt, horns 2
a: Berserk, Trog's Hand, Brothers in Arms, Renounce Religion


You were on level 1 of the Lair of Beasts.
You worshipped Trog.
Trog was greatly pleased with you.
You were not hungry.

You visited 3 branches of the dungeon, and saw 12 of its levels.
You also visited: Ossuary.

You collected 684 gold pieces.

Inventory:

Hand Weapons
 a - a +2 vampiric war axe (weapon)
 b - a +1 flail of holy wrath
Missiles
 y - 9 tomahawks (quivered)
Armour
 m - a +0 pair of boots (worn)
 p - a +2 pair of gloves (worn)
 u - a +1 plate armour (worn)
Jewellery
 q - a ring of protection from cold (left hand)
 s - a +3 ring of strength (right hand)
Wands
 c - a wand of iceblast (8)
 h - a wand of digging (5)
 k - a wand of clouds (11)
Scrolls
 d - 2 scrolls of fog
 e - a scroll of fear
 g - 3 scrolls of remove curse
 i - 4 scrolls of teleportation
 l - a scroll of identify
 n - a scroll of blinking
Potions
 j - 4 potions of flight
 o - a potion of agility
Comestibles
 f - 18 rations


   Skills:
 - Level 5.1 Fighting
 * Level 13.9 Axes
 - Level 5.0 Throwing
 - Level 5.0 Armour
 - Level 5.0 Dodging
   Level 3.6 Shields
 - Level 5.0 Evocations


You had 9 spell levels left.
You didn't know any spells.
Your spell library was empty.

Dungeon Overview and Level Annotations

Branches:
Dungeon (10/15)            Temple (1/1) D:4            Lair (1/6) D:9
    Orc: D:9-12

Altars:
Ashenzari
Cheibriados
Dithmenos
Elyvilon
Fedhas
Gozag
Hepliaklqana
Kikubaaqudgha
Makhleb
Nemelex Xobeh
Okawaru
Qazlal
Ru
Sif Muna
Trog
Uskayaw
Vehumet
Wu Jian
Xom
Yredelemnul
Zin
The Shining One

Shops:
D:6 [


Innate Abilities, Weirdness & Mutations

You reflexively headbutt those who attack you in melee.
You have a pair of horns on your head.


Message History

The komodo dragon is lightly wounded.
The komodo dragon bites you!
You closely miss the komodo dragon. Your headbutt misses the komodo dragon.
The komodo dragon is lightly wounded.
The komodo dragon bites you!
You slice the komodo dragon!!
The komodo dragon is heavily wounded.
You hit the komodo dragon.
You feel better.
Your headbutt misses the komodo dragon.
The komodo dragon is severely wounded.
The komodo dragon bites you!!
You hit the komodo dragon but do no damage.
Your headbutt misses the komodo dragon.
The komodo dragon is severely wounded.
The komodo dragon bites you!!
* * * LOW HITPOINT WARNING * * *
You hit the komodo dragon.
The komodo dragon is severely wounded.
The komodo dragon bites you!
You die...

#..#. ######..
####...###.#.###.
#................
#(........#######
#.........# #
###.........#
##P........###
#...#.#.####
#.@######
#...l..# #......#
#P...#### ###
#.... #.. ##.##
###.. ## #....
#.... ##...


You could see a komodo dragon.

Vanquished Creatures
  The ghost of kae the Carver, a novice MiFi of Qazlal (D:7)
  2 hippogriffs (D:9)
  Grum (D:8)
  A steam dragon (D:9)
  Duvessa (D:7)
  A water moccasin (D:5)
  A porcupine (Lair:1)
  2 sky beasts
  3 phantoms
  An ice beast (D:9)
  4 wolves (D:8)
  4 ogres
  3 black bears
  2 centaurs
  A big kobold (D:7)
  2 elf zombies (Ossuary)
  5 bullfrogs
  Dowan (D:7)
  A wyvern skeleton (D:6)
  4 killer bees
  A scorpion (D:7)
  4 howler monkeys (D:7)
  4 crimson imps
  2 centaur zombies (Ossuary)
  A hound (D:9)
  6 jellies
  2 bullfrog zombies
  A centaur skeleton (D:7)
  Jessica (D:3)
  4 iguanas
  An orc wizard (D:7)
  6 worker ants
  A big kobold zombie (Ossuary)
  4 hound zombies (Ossuary)
  A hound skeleton (D:6)
  3 mummies (Ossuary)
  A worker ant zombie (D:5)
  6 gnolls
  A howler monkey skeleton (D:3)
  7 adders
  2 shadow imps (D:5)
  5 oozes (D:9)
  4 adder zombies
  2 adder skeletons
  4 worms
  3 dart slugs
  7 leopard geckos
  21 orcs
  A ball python (D:2)
  A gnoll zombie (Ossuary)
  4 goblins (D:2)
  9 hobgoblins
  14 jackals
  8 kobolds
  4 quokkas
  7 bats
  4 frilled lizards
  2 goblin zombies (Ossuary)
  4 hobgoblin zombies (Ossuary)
  6 jackal zombies (Ossuary)
  3 kobold zombies (Ossuary)
  2 orc zombies (Ossuary)
  A quokka skeleton (D:6)
  2 quokka zombies (Ossuary)
  9 rats
227 creatures vanquished.

Vanquished Creatures (others)
  Joseph (D:8)
  A goblin (D:2)
2 creatures vanquished.

Grand Total: 229 creatures vanquished

Notes
Turn   | Place    | Note
-------+----------+-------------------------------------------
     0 | D:1      | Gildeon the Minotaur Fighter began the quest for the Orb.
     0 | D:1      | Reached XP level 1. HP: 19/19 MP: 0/0
    86 | D:1      | Reached XP level 2. HP: 27/27 MP: 1/1
   113 | D:1      | Reached skill level 3 in Axes
   232 | D:1      | Reached skill level 1 in Dodging
   443 | D:2      | Found a snail-covered altar of Cheibriados.
   443 | D:2      | Found a hide-covered altar of Uskayaw.
   443 | D:2      | Found a shadowy altar of Dithmenos.
   443 | D:2      | Found a bloodstained altar of Trog.
   445 | D:2      | Found an ornate altar of the Wu Jian Council.
   483 | D:2      | Became a worshipper of Trog the Wrathful
   503 | D:2      | Reached XP level 3. HP: 17/33 MP: 2/2
   852 | D:2      | Reached XP level 4. HP: 34/40 MP: 3/3
  1098 | D:2      | Reached skill level 4 in Axes
  1152 | D:2      | Found an opulent altar of Gozag.
  1223 | D:3      | Found a stormy altar of Qazlal.
  1231 | D:3      | Reached * piety under Trog
  1591 | D:3      | Noticed Jessica
  1595 | D:3      | Killed Jessica
  1595 | D:3      | Reached XP level 5. HP: 40/47 MP: 4/4
  1652 | D:3      | Noticed a centaur
  1663 | D:3      | Killed a centaur
  1889 | D:3      | Found a white marble altar of Elyvilon.
  1889 | D:3      | Found a glowing silver altar of Zin.
  1889 | D:3      | Found a glowing golden altar of the Shining One.
  1959 | D:3      | Reached skill level 5 in Axes
  2522 | D:4      | Found a staircase to the Ecumenical Temple.
  2530 | Temple   | Entered the Ecumenical Temple
  2867 | D:4      | Reached XP level 6. HP: 55/55 MP: 5/5
  3083 | D:5      | Entered Level 5 of the Dungeon
  3164 | D:5      | Reached skill level 5 in Armour
  3181 | D:5      | Reached ** piety under Trog
  3181 | D:5      | Reached skill level 5 in Fighting
  3486 | D:5      | Reached skill level 6 in Axes
  3488 | D:5      | Reached XP level 7. HP: 50/61 MP: 6/6
  3744 | D:5      | Reached skill level 7 in Axes
  4280 | D:6      | Found a sand-covered staircase.
  4285 | Ossuary  | Entered an ossuary
  4423 | Ossuary  | Reached skill level 8 in Axes
  4446 | Ossuary  | Reached XP level 8. HP: 62/68 MP: 7/7
  4448 | Ossuary  | Reached skill level 5 in Dodging
  4621 | Ossuary  | Reached *** piety under Trog
  4626 | Ossuary  | Reached skill level 1 in Throwing
  4726 | Ossuary  | Reached skill level 1 in Evocations
  4826 | D:6      | Reached skill level 9 in Axes
  5152 | D:6      | Found Durutet's Armour Shop.
  5386 | D:7      | Reached skill level 10 in Axes
  5517 | D:7      | Reached XP level 9. HP: 55/74 MP: 10/10
  5629 | D:7      | Reached **** piety under Trog
  5747 | D:7      | Noticed Duvessa
  5748 | D:7      | Noticed Dowan
  5757 | D:7      | Killed Duvessa
  5774 | D:7      | Killed Dowan
  5985 | D:7      | Found a runed door.
  5988 | D:7      | Noticed kae's ghost (novice MiFi)
  6142 | D:7      | Killed kae's ghost
  6142 | D:7      | Reached skill level 11 in Axes
  6452 | D:8      | Noticed Grum
  6468 | D:8      | Killed Grum
  6514 | D:8      | Reached skill level 5 in Throwing
  6592 | D:8      | Noticed Joseph
  6614 | D:8      | Killed Joseph
  6614 | D:8      | Reached skill level 12 in Axes
  7205 | D:8      | Reached XP level 10. HP: 81/81 MP: 12/12
  7631 | D:9      | Found a staircase to the Lair.
  7656 | D:9      | Reached skill level 5 in Evocations
  7855 | D:9      | Reached skill level 13 in Axes
  8213 | D:9      | Found a basalt altar of Yredelemnul.
  8214 | D:9      | Found an iron altar of Okawaru.
  8217 | D:9      | Found a shimmering altar of Xom.
  8220 | D:9      | Found a sacrificial altar of Ru.
  8451 | D:10     | Entered Level 10 of the Dungeon
  8529 | Lair:1   | Entered Level 1 of the Lair of Beasts
  8793 | Lair:1   | Mangled by a komodo dragon

Vault maps used:
D:1:      lightli_arrival_isolated_outpost, wad_floor_pattern_1
D:2:      grunt_temple_overflow_open, nicolae_gozag_seed_capital,
          lemuel_old_faithful
D:3:      good_gods_mini_temple, grunt_qazlal_clouds, uniq_jessica
D:4:      temple_statues
D:5:      first_ration, st_stairs_14
D:6:      enter_ossuary_5, serial_shops, nicolae_shop_trees, dk_rats_in_the_wall
D:7:      ebering_ghost_reflecting_pool, uniq_duvessa
D:8:      uniq_joseph, uniq_grum
D:9:      grunt_temple_overflow_cloverleaf, lair_entry_dummy,
          statue_in_the_mist_lemuel, hangedman_little_slice_of_home,
          amethyst_killhole
D:10:     enter_trove_3
Temple:   compressed_dpeg_triangle_lava_temple
Ossuary:  minmay_ossuary_two_tombs

Skill      XL: |  1  2  3  4  5  6  7  8  9 10 |
---------------+-------------------------------+-----
Axes           | 3 4 5 6 8 10 12 13 | 13.9
Dodging        | 1 2 3 4 5 |  5.0
Fighting       | 4 5 |  5.1
Armour         | 4 5 |  5.0
Throwing       | 3 5 |  5.0
Evocations     | 3 4 5 |  5.0
Shields        | |  3.6

Action                   |  1- 3 |  4- 6 |  7- 9 | 10-12 || total
-------------------------+-------+-------+-------+-------++-------
Melee: War axe           |    59 |   103 |   283 |    93 ||   538
       Headbutt          |     9 |    12 |    69 |    19 ||   109
Throw: Tomahawk          |       |    14 |    45 |    17 ||    76
Evoke: Wand              |       |    13 |    18 |       ||    31
  Use: Scroll            |     1 |     6 |    12 |     4 ||    23
       Potion            |       |     2 |     9 |       ||    11
 Stab: Paralysed         |       |       |     1 |       ||     1
  Eat: Chunk             |       |     8 |     2 |     3 ||    13
       Ration            |       |       |     5 |       ||     5
Armor: Scale mail        |    29 |    52 |    53 |       ||   134
       Plate armour      |       |       |    84 |    54 ||   138
       Skin              |       |       |    12 |       ||    12
Dodge: Dodged            |    48 |    50 |   149 |    34 ||   281

Table legend:
 A = Spawn XP
 B = Non-spawn XP
 C = Spawn XP percentage of total XP
 D = Spawn monster count
 E = Non-spawn monster count
 F = Spawn count percentage of total count
 G = Total turns spent on level
                    A         B        C        D         E        F      G
               +---------+---------+-------+---------+---------+-------+---------
         Total |       0 |    7995 |   0.0 |       0 |     228 |   0.0 |  8793
               +---------+---------+-------+---------+---------+-------+---------
           D:1 |       0 |      31 |   0.0 |       0 |      17 |   0.0 |   443
           D:2 |       0 |      99 |   0.0 |       0 |      28 |   0.0 |   766
           D:3 |       0 |     229 |   0.0 |       0 |      25 |   0.0 |  1116
           D:4 |       0 |      54 |   0.0 |       0 |       6 |   0.0 |   475
           D:5 |       0 |     725 |   0.0 |       0 |      16 |   0.0 |  1022
           D:6 |       0 |     479 |   0.0 |       0 |      17 |   0.0 |   756
           D:7 |       0 |    2066 |   0.0 |       0 |      33 |   0.0 |   965
           D:8 |       0 |    1360 |   0.0 |       0 |      18 |   0.0 |  1313
           D:9 |       0 |    1989 |   0.0 |       0 |      28 |   0.0 |   878
          D:10 |       0 |     121 |   0.0 |       0 |       2 |   0.0 |    40
        Lair:1 |       0 |     357 |   0.0 |       0 |       3 |   0.0 |   264
       Ossuary |       0 |     485 |   0.0 |       0 |      35 |   0.0 |   472
               +---------+---------+-------+---------+---------+-------+---------
